 Dungeon Crawl Stone Soup version 0.31-a0-836-g3ceb0a68c4 (webtiles) character file.

Game seed: 17551287464499609970

67 Kurtz the Chopper (level 4, -4/31 HPs)
             Began as an Octopode Fighter on Sept 27, 2023.
             Killed by divine providence
             ... invoked by an orc priest
              (14 damage)
             ... on level 3 of the Dungeon.
             The game lasted 00:00:54 (1253 turns).

Kurtz the Chopper (Octopode Fighter)                Turns: 1253, Time: 00:00:55

Health: -4/31      AC:  1    Str: 17    XL:     4   Next: 16%
Magic:  4/4        EV: 13    Int: 10    God:
Gold:   71         SH:  4    Dex: 11    Spells: 3/3 levels left

rFire   . . .        a - +0 war axe
rCold   . . .        b - +0 buckler
rNeg    . . .        (helmet restricted)
rPois   .            (no amulet)
rElec   .            (no ring)
rCorr   .            (no ring)
SInv    .            (no ring)
Will    .....        (no ring)
Stlth   ++           (no ring)
HPRegen 0.25/turn    (no ring)
MPRegen 0.09/turn    (no ring)
                     (no ring)

%: no passive effects
@: no status effects
A: almost no armour, amphibious, 8 rings, camouflage 1, gelatinous body 1,
(nimble swimmer 1), tentacles
a: no special abilities


You were on level 3 of the Dungeon.
You visited 1 branch of the dungeon, and saw 3 of its levels.

You collected 71 gold pieces.

Inventory:

Hand Weapons
 a - a +0 war axe (weapon)
Armour
 b - a +0 buckler (worn)
Scrolls
 d - 2 scrolls of blinking {unknown}
 e - 3 scrolls of vulnerability {unknown}
 f - a scroll of fog {unknown}
 g - 2 scrolls of identify {unknown}
Potions
 c - a potion of might


   Skills:
 - Level 3.0 Fighting
 * Level 4.3 Axes
 - Level 3.0 Dodging
 - Level 3.0 Shields


You had 3 spell levels left.
You didn't know any spells.
Your spell library was empty.

Dungeon Overview and Level Annotations

Branches:
Dungeon (3/15)

Altars:


Innate Abilities, Weirdness & Mutations

You cannot wear most types of armour.
You are amphibious.
You can wear up to eight rings at the same time.
Your skin changes colour to match your surroundings (Stealth+).
Your rubbery body absorbs attacks. (AC +1, EV +1)
((You are camouflaged when in or above water. (Stealth+)))
You have tentacles for arms and can constrict up to eight enemies at once.


Message History

You closely miss the orc. Your grab misses the orc.
You squeeze the orc, but do no damage. You block the orc's attack.
You hit the orc. Your grab misses the orc. You squeeze the orc.
The orc is severely wounded.
You block the orc's attack. x2
You hit the orc but do no damage. Your grab misses the orc.
The orc is severely wounded.
The orc closely misses you.
You hit the orc.
You kill the orc!
No target in view!
You start resting.
HP restored.
You climb downwards.
There is a stone staircase leading up here.
You climb upwards.
There is a stone staircase leading down, spattered with blood here.
You climb downwards.
The orc wizard gestures wildly while chanting.
The orc wizard flickers and vanishes!
Deactivating autopickup; reactivate with Ctrl-A.
There is a stone staircase leading up here.
You climb upwards.
Reactivating autopickup.
There is a stone staircase leading down, spattered with blood here.
You start waiting.
Done waiting.
You start waiting.
Done waiting.
You climb downwards.
The orc priest mumbles some strange prayers to Beogh against you.
Beogh smites you!
There is a stone staircase leading up here.
You hit the orc priest. Your grab misses the orc priest.
The orc priest is moderately wounded.
The orc wizard casts a spell at you. The magic dart hits you!
The orc priest mumbles some strange prayers to Beogh against you.
Beogh smites you!
You die...

........>..
...<.......
##.#........
...........
#.#..../...
##.#.)....#
#.##........#
#..o.@o.....#
.......##.รท...#
........o.#....#
##.......o)....#
#...#..#._#..##
#.!.#..#.....#x.
#............##.
##..## #o.#o..
... #...?..


You could see an orc priest and an orc wizard.

Vanquished Creatures
  3 gnolls (D:2)
  An adder (D:2)
  A dart slug (D:1)
  3 orcs
  3 endoplasms
  A giant cockroach (D:2)
  2 goblins
  A hobgoblin (D:2)
  2 quokkas
  A ball python (D:2)
  A bat (D:2)
  3 frilled lizards
  2 kobolds (D:2)
  3 rats
27 creatures vanquished.

Notes
Turn   | Place    | Note
-------+----------+-------------------------------------------
     0 | D:1      | Kurtz the Octopode Fighter began the quest for the Orb.
     0 | D:1      | Reached XP level 1. HP: 16/16 MP: 1/1
   235 | D:1      | Reached XP level 2. HP: 21/21 MP: 2/2
   319 | D:2      | Reached skill level 3 in Axes
   352 | D:2      | Reached XP level 3. HP: 26/26 MP: 3/3
   409 | D:2      | Reached skill level 4 in Axes
   651 | D:2      | Reached XP level 4. HP: 27/31 MP: 4/4
   793 | D:3      | Found a faded altar of an unknown god.
   793 | D:3      | Noticed a small abomination
  1253 | D:3      | Killed from afar by an orc priest

Illustrated notes

Levels and vault maps discovered:
D:1:      evilmike_arrival_hilbert_curve, layout_loops_corners
D:2:      layout_basic, chequers_big_river, st_stairs_2, hangedman_decor_points,
          kennysheep_generic_room_7
D:3:      layout_loops_cross, gammafunk_ghost_abyssal_escape,
          basic_ecumenical_altar

Skill      XL: |  1  2  3 |
---------------+----------+-----
Axes           | 3 4 |  4.3
Fighting       | |  3.0
Dodging        | |  3.0
Shields        | |  3.0

Action                     |  1- 3 |  4- 6 || total
---------------------------+-------+-------++-------
  Melee: War axe           |    33 |    15 ||    48
         Constrict         |    10 |     3 ||    13
         Tentacles         |     6 |     3 ||     9
         Punch             |     1 |       ||     1
   Stab: Sleeping          |     5 |     1 ||     6
 Armour: Skin              |     7 |    11 ||    18
  Dodge: Dodged            |    17 |    11 ||    28
  Block: Buckler           |     2 |     4 ||     6

Table legend: (Time is in decaauts)
 A = Elapsed time spent in this place.
 B = Non-inter-level travel time spent in this place.
 C = Inter-level travel time spent in this place.
 D = Time resting spent in this place.
 E = Time spent auto-exploring this place.
 F = Levels seen in this place.
 G = Mean time per level.
                   A        B        C        D        E       F      G
               +--------+--------+--------+--------+--------+-----+--------+
         Total |   1279 |   1168 |    111 |    448 |    497 |   3 |  426.3 |
       Dungeon |   1279 |   1168 |    111 |    448 |    497 |   3 |  426.3 |
               +--------+--------+--------+--------+--------+-----+--------+

Top non-repeatable levels by time:
     D:2: 956 daAuts
     D:1: 283 daAuts
     D:3: 40 daAuts
